 Dungeon Crawl Stone Soup version 0.23.1 (webtiles) character file.

Game seed: 7495304004686723394

158 ohad the Insei (level 5, -3/33 HPs)
             Began as an Octopode Transmuter on Mar 3, 2019.
             Slain by a phantom (7 damage)
             ... on level 4 of the Dungeon.
             The game lasted 00:06:15 (2305 turns).

ohad the Insei (Octopode Transmuter)                Turns: 2305, Time: 00:06:16

Health: -3/33      AC:  1    Str:  9    XL:     5   Next: 40%
Magic:  2/8        EV: 19    Int: 16    God:
Gold:   224        SH:  0    Dex: 18    Spells: 2/8 levels left

rFire    + . .     SeeInvis .     - Unarmed
rCold    . . .     Gourm    .   (no shield)
rNeg     . . .     Faith    .   (helmet restricted)
rPois    .         Spirit   .   (no amulet)
rElec    .         Reflect  .   e - ring of protection from fire
rCorr    .         Harm     .   (no ring)
MR       .....                  (no ring)
Stlth    +++++.....             (no ring)
HPRegen  0.11/turn              (no ring)
MPRegen  0.11/turn              (no ring)
                                (no ring)
                                (no ring)

@: agile, very slightly contaminated, hasted, very quick
A: almost no armour, stealthy swim, amphibious, 8 rings, constrict 8, camouflage
1, gelatinous body 1
a: no special abilities


You were on level 4 of the Dungeon.
You were not hungry.

You visited 1 branch of the dungeon, and saw 4 of its levels.

You collected 224 gold pieces.

Inventory:

Missiles
 a - 16 arrows
 g - 3 javelins (quivered)
 h - 5 tomahawks of returning
Jewellery
 e - a ring of protection from fire (left tentacle)
Scrolls
 b - 3 scrolls of fog {unknown}
 d - a scroll of identify {unknown}
 f - a scroll of teleportation {unknown}
 i - a scroll of noise {unknown}
 l - 2 scrolls of amnesia {unknown}
Potions
 m - a potion of magic {unknown}
Comestibles
 c - 8 rations
 j - 6 chunks of flesh


   Skills:
 - Level 1.0 Fighting
 - Level 2.0 Dodging
 - Level 3.0 Stealth
 + Level 4.6 Unarmed Combat
 - Level 2.0 Spellcasting
 - Level 3.4 Transmutations


You had 2 spell levels left.
You knew the following spells:

 Your Spells              Type           Power        Failure   Level  Hunger
a - Beastly Appendage     Tmut           ##....       4%          1    #......
b - Sticks to Snakes      Tmut           ##......     8%          2    ###....
c - Spider Form           Tmut/Pois      #.........   30%         3    ###....

Your spell library contained the following spells:

 Spells                   Type           Power        Failure   Level  Hunger
 Magic Dart               Conj           #...         21%         1    #......
 Searing Ray              Conj           #.....       30%         2    ###....
 Dazzling Spray           Conj/Hex       #.....       52%         3    ###....
 Ice Form                 Ice/Tmut       #.......     71%         4    #####..
 Blade Hands              Tmut           ##........   80%         5    ######.
 Force Lance              Conj/Tloc      #.......     90%         4    #####..
 Fulminant Prism          Conj/Hex       #.........   90%         4    #####..
 Iskenderun's Mystic Bla  Conj           #.......     90%         4    #####..


Dungeon Overview and Level Annotations

Branches:
Dungeon (4/15)
 Temple: D:4-7

Altars:
Nemelex Xobeh
Ru
Xom
Yredelemnul


Innate Abilities, Weirdness & Mutations

You cannot wear most types of armour.
You are very stealthy in the water. (Stealth+)
You are amphibious.
You can wear up to eight rings at the same time.
You can use your tentacles to constrict eight enemies at once.
Your skin changes colour to match your surroundings (Stealth+).
Your rubbery body absorbs attacks. (AC +1, EV +1)


Message History

Aim: a phantom (almost destroyed)
You throw a javelin. The javelin barely misses the phantom.
Your ball python misses the phantom.
Your ball python closely misses the phantom.
You barely miss the phantom.
The phantom is almost destroyed.
Your ball python withers and dies!
The phantom hits you!
* * * LOW HITPOINT WARNING * * *
Unknown command.
You closely miss the phantom. Your squeeze misses the phantom.
The phantom is almost destroyed.
The phantom barely misses you.
Unknown command.
Okay, then.
It was a potion of agility.
You feel agile all of a sudden. The phantom misses you.
It was a potion of haste.
You feel yourself speed up. The phantom hits you!
You die...

###.#.# #.#..........
#...#.# #.).###..###.
#.#.#.### #..## #..#
## #.###...# #.##
##..## # #.....#.#
#.####....###
#####.#.#
#..##..##..## ####.#.#
#............
#......###...####..÷..
#....@.......# ###..#
#####W.......# #..#
.........# #..#
♣♣....##### #..#
♣....# ##>. .....# ###
♣...(( ♣######


You could see a phantom.

Vanquished Creatures
  Jessica (D:2)
  A worker ant (D:4)
  5 adders
  2 worms (D:2)
  2 dart slugs
  2 leopard geckos
  An orc (D:3)
  4 giant cockroaches
  7 goblins
  7 hobgoblins
  2 jackals (D:2)
  2 kobolds
  A quokka (D:4)
  A ball python (D:4)
  A ball python zombie (D:1)
  A bat (D:2)
  A frilled lizard (D:1)
  A giant cockroach zombie (D:1)
42 creatures vanquished.

Vanquished Creatures (collateral kills)
  An adder (D:2)
  A worm (D:2)
  A jackal (D:2)
3 creatures vanquished.

Grand Total: 45 creatures vanquished

Notes
Turn   | Place    | Note
-------+----------+-------------------------------------------
     0 | D:1      | ohad the Octopode Transmuter began the quest for the Orb.
     0 | D:1      | Reached XP level 1. HP: 13/13 MP: 3/3
   132 | D:1      | Reached XP level 2. HP: 11/18 MP: 3/5
   767 | D:2      | Reached XP level 3. HP: 19/23 MP: 6/6
   782 | D:2      | Reached skill level 1 in Stealth
   788 | D:2      | Learned a level 2 spell: Sticks to Snakes
   792 | D:2      | Learned a level 3 spell: Spider Form
   998 | D:2      | Found a shimmering altar of Xom.
  1003 | D:2      | Reached XP level 4. HP: 19/28 MP: 3/7
  1115 | D:2      | Found a shimmering altar of Xom.
  1116 | D:2      | Found a shimmering altar of Xom.
  1244 | D:2      | Found a basalt altar of Yredelemnul.
  1427 | D:2      | Noticed Jessica
  1434 | D:2      | Killed Jessica
  1528 | D:3      | Reached skill level 4 in Unarmed Combat
  1528 | D:3      | Reached XP level 5. HP: 28/33 MP: 4/8
  1818 | D:3      | Found a sparkling altar of Nemelex Xobeh.
  1820 | D:3      | Found a sacrificial altar of Ru.
  2035 | D:4      | Noticed a phantom
  2243 | D:4      | Noticed a phantom
  2305 | D:4      | Slain by a phantom

Skill      XL: |  1  2  3  4 |
---------------+-------------+-----
Transmutations | 3 |  3.4
Stealth        | 3 |  3.0
Unarmed Combat | 4 |  4.6
Fighting       | |  1.0
Dodging        | |  2.0
Spellcasting   | |  2.0

Action                   |  1- 3 |  4- 6 || total
-------------------------+-------+-------++-------
Melee: Unarmed           |    63 |    70 ||   133
       Constrict         |    20 |     9 ||    29
       Kick              |    10 |     3 ||    13
       Tentacles         |    13 |     3 ||    16
Throw: Javelin           |       |     2 ||     2
 Cast: Beastly Appendage |    13 |     6 ||    19
       Spider Form       |     1 |     8 ||     9
       Sticks to Snakes  |     1 |     4 ||     5
  Use: Potion            |     2 |     2 ||     4
 Stab: Sleeping          |     1 |     5 ||     6
       Distracted        |       |     1 ||     1
  Eat: Chunk             |     1 |     5 ||     6
Armor: Skin              |     4 |     4 ||     8
Dodge: Dodged            |    38 |    49 ||    87
